 Dungeon Crawl Stone Soup version 0.20.0-15-g7f486f2 (webtiles) character file.

36 Gorglomux the Grave Robber (level 3, 0/14 HPs)
             Began as a Felid Necromancer on June 9, 2017.
             Killed by nerve-wracking pain
             ... invoked by Jessica
              (11 damage)
             ... on level 2 of the Dungeon.
             The game lasted 00:05:02 (2428 turns).

Gorglomux the Grave Robber (Felid Necromancer)      Turns: 2428, Time: 00:05:03

Health: 0/14       AC:  1    Str:  4    XL:     3   Next: 19%
Magic:  5/8        EV: 18    Int: 17    God:
Gold:   73         SH:  0    Dex: 16    Spells: 2/7 levels left
                                        Lives:  0   Deaths: 0

rFire    . . .     SeeInvis +   (weapon unavailable)
rCold    . . .     Gourm    .   (shield unavailable)
rNeg     . . .     Faith    .   (armour unavailable)
rPois    .         Spirit   .   (helmet unavailable)
rElec    .         Reflect  .   (cloak unavailable)
rCorr    .         Harm     .   (gloves unavailable)
MR       .....                  (boots unavailable)
Stlth    +++.......             (no amulet)
Regen    0.1/turn               (no ring)
MPRegen  0.2/turn               (no ring)

@: quick
A: no armour, no weapons or thrown items, stealth, claws 1, fangs 3, see
invisible, carnivore 3, speed 1, shaggy fur 1, slow metabolism 1, sharp paws
a: no special abilities


You were on level 2 of the Dungeon.
You were very full.

You visited 1 branch of the dungeon, and saw 2 of its levels.

You collected 73 gold pieces.

Inventory:

Scrolls
 A - a scroll of enchant armour {unknown}
 B - a scroll of teleportation {unknown}
 C - a scroll of immolation {unknown}
 D - a scroll of remove curse {unknown}
 F - a scroll of recharging {unknown}
 I - a scroll of magic mapping {unknown}
 K - a scroll of noise {unknown}
Potions
 E - a potion of curing {unknown}
 G - a potion of agility {unknown}
 J - a potion of haste {unknown}
 M - a potion of magic {unknown}
Books
 a - a book of Necromancy

   Spells                             Type                      Level
   a - Pain                           Necromancy                   1
   b - Animate Skeleton               Necromancy                   1
   c - Vampiric Draining              Necromancy                   3
   d - Regeneration                   Charms/Necromancy            3
   e - Animate Dead                   Necromancy                   4
   f - Control Undead                 Necromancy                   4
Comestibles
 z - 2 meat rations
 L - a royal jelly


   Skills:
 - Level 2.6 Dodging
 - Level 2.6 Stealth
 + Level 2.8 Spellcasting
 + Level 4.5 Necromancy


You had 2 spell levels left.
You knew the following spells:

 Your Spells              Type           Power        Failure   Level  Hunger
a - Pain                  Necr           ###.         2%          1    #......
b - Animate Skeleton      Necr           N/A          2%          1    #......
v - Vampiric Draining     Necr           ###.......   9%          3    ###....


Dungeon Overview and Level Annotations

Branches:
Dungeon (2/15)

Altars:
The Shining One

Annotations:
D:2 Jessica


Innate Abilities, Weirdness & Mutations

You cannot wear armour.
You are incapable of wielding weapons or throwing items.
Your paws allow you to move quietly. (Stealth)
You have sharp claws.
You have razor-sharp teeth.
You have supernaturally acute eyesight. (SInv)
You are carnivorous and can eat meat at any time.
You cover ground quickly.
You are covered in fur. (AC +1)
You have a slow metabolism.
Your sharp claws are effective at attacking unaware monsters.


Message History

The leopard gecko hisses angrily.
The leopard gecko writhes in agony!
Casting: Pain
Confirm with . or Enter, or press ? or * to list all spells.
Aiming: Pain
Press: ? - help, Shift-Dir - straight line, f/p - leopard gecko
Aim: a leopard gecko (lightly wounded, chance to defeat MR: 87%)
The leopard gecko writhes in agony!
You kill the leopard gecko!
Jessica shouts!
Casting: Pain
Confirm with . or Enter, or press ? or * to list all spells.
Aiming: Pain
Press: ? - help, Shift-Dir - straight line, f - Jessica
Aim: Jessica, wielding an enchanted club and wearing a robe (chance to defeat MR: 82%) Jessica writhes in agony!
Jessica casts a spell at you. Pain shoots through your body!
Ouch! That really hurt!
You die...

#.# .. .
#####.###..
#..........
#..........
#..........
#..........
#..@....@..
#..........
#####.........#
#.............#
#.#############
#.# #.# #.# #.#


You could see Jessica.

Vanquished Creatures
  A worm (D:2)
  A dart slug (D:1)
  2 leopard geckos
  A bat (D:1)
  5 giant cockroaches (D:1)
  3 goblins (D:1)
  A hobgoblin (D:1)
  4 kobolds
  A frilled lizard (D:1)
  10 rats
29 creatures vanquished.

Notes
Turn   | Place    | Note
-------+----------+-------------------------------------------
     0 | D:1      | Gorglomux the Felid Necromancer began the quest for the Orb.
     0 | D:1      | Reached XP level 1. HP: 7/7 MP: 4/4
   215 | D:1      | Learned a level 1 spell: Animate Skeleton
   383 | D:1      | Reached XP level 2. HP: 9/11 MP: 1/6
  1820 | D:1      | Reached XP level 3. HP: 10/14 MP: 8/8
  1998 | D:2      | Learned a level 3 spell: Vampiric Draining
  2376 | D:2      | Found a glowing golden altar of the Shining One.
  2424 | D:2      | Noticed Jessica
  2428 | D:2      | Killed from afar by Jessica

Action                   || total
-------------------------++-------
Melee: Unarmed           ||     7
       Bite              ||     1
 Cast: Pain              ||    49
       Animate Skeleton  ||    13
 Stab: Sleeping          ||     1
  Eat: Chunk             ||    10
Armor: Skin              ||     1
Dodge: Dodged            ||     7
